cohdb
Replays
Latest Replays
All Replays
Popular Replays
Top Player Replays
Match Explorer
How It Works
Community
CoH3 Stats
Reddit
Sign in to upload your games and track your stats! →
Sign in with Steam
Match 45902130
Unlisted
Match 45902130
Overview
Messages
Build Orders
End
Kradschützen Motorcycle Team
Panzerpioneer Squad
Panzergrenadier Squad
Panzergrenadier Squad
250 Light Carrier
Construct Light Support Kompanie
Selects Panzerjäger Kommand Battlegroup
Selects GrB 39 Grenade Launcher Requisition
Fire Support Elements
Assault Grenadier Squad
Pak 38 Mechanized Group
Combat Half-tracks
Veteran Squad Leaders
2.5-tonne Medical Truck
Construct Panzerarmee Kommand
Panzer III L Medium Tank
Selects Crew Shock Tactics
Panzer III L Medium Tank
Selects Mine Fields
Vehicle Survival Package
Ra11
Armored Legio
Menty
ProxyFox
0
0
Comments
sign in to comment!
No comments posted yet!